 Dungeon Crawl Stone Soup version 0.32-a0-859-gb0a091d592 (webtiles) character file.

Game seed: 5761694597830279076

335 Alarak the Covert (level 6, -2/32 HPs)
             Began as a Vampire Enchanter on Mar 27, 2024.
             Slain by an ogre
             ... wielding a +0 giant club
              (19 damage)
             ... on level 4 of the Dungeon.
             The game lasted 00:12:49 (3080 turns).

Alarak the Covert (Vampire Enchanter)               Turns: 3080, Time: 00:12:51

Health: -2/32      AC:  4    Str:  7    XL:     6   Next: 28%
Magic:  16/18      EV: 11    Int: 17    God:
Gold:   175        SH:  0    Dex: 17    Spells: 4/9 levels left

rFire   . . .        a - +1 dagger
rCold   + + .        (no shield)
rNeg    + + +        b - +0 robe
rPois   ∞            (no helmet)
rElec   .            (no cloak)
rCorr   .            (no gloves)
SInv    +            d - +1 pair of boots
Will    .....        (no amulet)
Stlth   ++++++       j - ring of magical power
HPRegen 0.00/turn    (no ring)
MPRegen 0.16/turn

%: no passive effects
@: bloodless, inhibited regen, studying Stealth
A: bloodless, fangs 3, see invisible, vampiric 2
a: Bat Form, Revivify


You were on level 4 of the Dungeon.
You visited 1 branch of the dungeon, and saw 4 of its levels.

You collected 175 gold pieces.

Inventory:

Hand Weapons
 a - a +1 dagger (weapon)
 g - a +2 spear of freezing
Missiles
 f - 4 curare-tipped darts
 h - 16 poisoned darts
Armour
 b - a +0 robe (worn)
 d - a +1 pair of boots (worn)
Magical Staves
 r - a staff of air
Jewellery
 j - a ring of magical power (left hand)
 u - an amulet of faith
Talismans
 m - a beast talisman
Wands
 e - a wand of warping (15)
 s - a wand of flame (14)
Scrolls
 n - a scroll of amnesia
Potions
 c - a potion of heal wounds {unknown}
 i - 3 potions of degeneration {unknown}
 k - 2 potions of curing {unknown}
 l - a potion of enlightenment {unknown}
 o - a potion of magic {unknown}
 p - 2 potions of haste {unknown}


   Skills:
 + Level 1.7 Short Blades
 - Level 2.1 Dodging
 - Level 9.3 Stealth
 - Level 2.0 Spellcasting
 - Level 7.8 Hexes
 - Level 1.1 Ice Magic


You had 4 spell levels left.
You knew the following spells:

 Your Spells              Type           Power      Damage    Failure   Level
a - Confusing Touch       Hex            28%        N/A       2%          3
b - Ensorcelled Hibernat  Hex/Ice        34%        N/A       4%          2

Your spell library contained the following spells:

 Spells                   Type           Power      Damage    Failure   Level
 Tukima's Dance           Hex            28%        N/A       2%          3
 Dazzling Flash           Conj/Hex       28%        N/A       12%         3
 Blink                    Tloc           2%         N/A       28%         2
 Lesser Beckoning         Tloc           2%         N/A       28%         2
 Momentum Strike          Conj/Tloc      2%         3d8       28%         2
 Summon Mana Viper        Hex/Summ       14%        N/A       73%         5
 Alistair's Intoxication  Alch           0%         N/A       99%         5
 Borgnjor's Vile Clutch   Necr/Erth      0%         N/A       99%         5
 Summon Forest            Summ/Tloc      0%         N/A       99%         5
 Eringya's Noxious Bog    Alch           0%         4d6       100%        6
 Summon Cactus Giant      Summ           0%         N/A       100%        6


Dungeon Overview and Level Annotations

Branches:
Dungeon (4/15)
 Temple: D:4-7

Altars:
Trog

Shops:
D:2 ?


Innate Abilities, Weirdness & Mutations

You do not regenerate when monsters are visible.
You are frail without blood (-20% HP).
You can heal yourself when you bite living creatures.
You are immune to poison.
You have razor-sharp teeth.
You have supernaturally acute eyesight. (SInv)
You are afflicted with vampirism and can become a bat while bloodless.


Message History

You hit the kobold but do no damage.
The kobold appears confused.
You bite the kobold.
You draw the kobold's blood!
The kobold is severely wounded.
The kobold hits you with a +0 short sword.
You hit the kobold.
You kill the kobold!
A goblin comes into view. It is wielding a +0 club.
Things that are here:
a +0 short sword; 4 poisoned darts
Casting: Confusing Touch (dangerous; 2% risk of failure)
Confirm with . or Enter, or press ? or * to list all spells.
Aiming: Ensorcelled Hibernation (safe; 4% risk of failure)
Press: ? - help, Shift-Dir - straight line, f - goblin
Aim: a goblin, wielding a +0 club (wandering, hasn't noticed you, chance to affect: 67%)
The goblin shouts!
The goblin looks drowsy...
The helpless goblin fails to defend itself.
You bite the goblin, and draw its blood!
You skewer the goblin like a kebab!!!
You kill the goblin!
Magic restored.
h - 16 poisoned darts (gained 4)
You see here a +0 short sword.
n - a scroll of amnesia An ogre comes into view.
It is wielding a +0 giant club.
Found 2 golden potions.
No target in view!
The ogre shouts!
You hit the ogre. You bite the ogre, but do no damage.
The ogre is lightly wounded.
The ogre hits you with a +0 giant club!
Casting: Ensorcelled Hibernation (safe; 4% risk of failure)
Confirm with . or Enter, or press ? or * to list all spells.
Aiming: Ensorcelled Hibernation (safe; 4% risk of failure)
Press: ? - help, Shift-Dir - straight line, f - ogre
Aim: an ogre, wielding a +0 giant club (lightly wounded, chance to affect: 50%)
The ogre resists with some effort.
The ogre hits you with a +0 giant club!!
Ouch! That really hurt!
You die...

.# .# # # .#.# ##
.# .#.### #.# #.#
..... #.###.# ...#
##.#.#######...###.
#..........@.......
.#
#....#######O..###.
...###.#.## #...#
.........# #...#
..###...## #.....
.##.....#####
#..##..
.............# #..#
#.. ####.....###.##
#..# #.
##...###.#.###).#


You could see an ogre.

Vanquished Creatures
  Sigmund (D:2)
  A bombardier beetle (D:3)
  A hound (D:3)
  An adder (D:3)
  3 gnolls (D:3)
  2 ribbon worms
  3 dart slugs
  6 orcs (D:3)
  A bat (D:2)
  7 endoplasms
  5 giant cockroaches
  7 hobgoblins
  13 kobolds
  3 quokkas
  5 ball pythons
  4 frilled lizards
  2 goblins
  A rat (D:1)
66 creatures vanquished.

Notes
Turn   | Place    | Note
-------+----------+-------------------------------------------
     0 | D:1      | Alarak the Vampire Enchanter began the quest for the Orb.
     0 | D:1      | Reached XP level 1. HP: 13/13 MP: 3/3
   139 | D:1      | Reached skill level 5 in Stealth
   222 | D:1      | Reached XP level 2. HP: 15/15 MP: 5/5
   738 | D:1      | Reached skill level 6 in Stealth
   972 | D:2      | Found Mybuowko's Magic Scroll Emporium.
   973 | D:2      | Identified a scroll of acquirement
   973 | D:2      | Acquired a manual of Stealth
  1148 | D:2      | Gained mutation: You are afflicted with vampirism and can
                  | become a bat while bloodless. [Vampire growth]
  1148 | D:2      | Reached XP level 3. HP: 19/19 MP: 6/6
  1152 | D:2      | Learned a level 3 spell: Confusing Touch
  1173 | D:2      | Reached skill level 7 in Stealth
  1627 | D:2      | Noticed Sigmund
  1634 | D:2      | Killed Sigmund
  1635 | D:2      | Reached XP level 4. HP: 24/24 MP: 7/7
  1635 | D:2      | Reached XP level 5. HP: 28/28 MP: 8/8
  2065 | D:3      | Learned a level 2 spell: Ensorcelled Hibernation
  2295 | D:3      | Reached skill level 8 in Stealth
  2296 | D:3      | Reached skill level 9 in Stealth
  2296 | D:3      | Reached XP level 6. HP: 32/32 MP: 9/9
  2571 | D:3      | Reached skill level 1 in Ice Magic
  2827 | D:3      | Found a bloodstained altar of Trog.
  3080 | D:4      | Slain by an ogre

Illustrated notes

Levels and vault maps discovered:
D:1:      elethiomel_arrival_infinity_welcomes_careful_drivers, layout_basic,
          minmay_pentomino_o2
D:2:      layout_loops_ring, serial_shops, shop, minmay_misc_feat_more_columns,
          minivault_23, uniq_sigmund
D:3:      layout_basic, lightli_temple_of_fire, kennysheep_generic_room_16
D:4:      layout_loops_ring, mainiacjoe_overflow_small_starburst

Skill      XL: |  1  2  3  4  5  6 |
---------------+-------------------+-----
Stealth        | 5 6 7 9 |  9.3
Hexes          | 7 |  7.8
Ice Magic      | 1 |  1.1
Short Blades   | |  1.7
Dodging        | |  2.1
Spellcasting   | |  2.0

Action                     |  1- 3 |  4- 6 || total
---------------------------+-------+-------++-------
  Melee: Dagger            |    17 |    77 ||    94
         Spear             |    89 |       ||    89
         Bite              |     7 |     9 ||    16
   Cast: Confusing Touch   |       |    12 ||    12
         Ensorcelled Hiber |       |    16 ||    16
Ability: Exsanguinate      |     1 |       ||     1
    Use: Scroll            |     2 |     8 ||    10
         Potion            |     1 |     2 ||     3
   Stab: Sleeping          |    20 |    17 ||    37
         Confused          |       |     8 ||     8
         Invisible         |       |     4 ||     4
 Armour: Robe              |    43 |    34 ||    77
  Dodge: Dodged            |    45 |    40 ||    85

Table legend: (Time is in decaauts)
 A = Elapsed time spent in this place.
 B = Non-inter-level travel time spent in this place.
 C = Inter-level travel time spent in this place.
 D = Time resting spent in this place.
 E = Time spent auto-exploring this place.
 F = Levels seen in this place.
 G = Mean time per level.
                   A        B        C        D        E       F      G
               +--------+--------+--------+--------+--------+-----+--------+
         Total |   3081 |   2943 |    138 |    428 |   1965 |   4 |  770.2 |
       Dungeon |   3081 |   2943 |    138 |    428 |   1965 |   4 |  770.2 |
               +--------+--------+--------+--------+--------+-----+--------+

Top non-repeatable levels by time:
     D:3: 997 daAuts
     D:1: 972 daAuts
     D:2: 936 daAuts
     D:4: 174 daAuts
